 Dungeon Crawl Stone Soup version 0.30.0-29-ga12c61a403 (webtiles) character file.

Game seed: 14589881954731942491

865 qw the Shield-Bearer (level 8, -1/48 HPs)
             Began as a Gargoyle Fighter on June 3, 2023.
             Was an Initiate of Okawaru.
             Slain by a lemure (6 damage)
             ... led by Pikel
             ... on level 5 of the Dungeon.
             The game lasted 00:02:01 (4434 turns).

qw the Shield-Bearer (Gargoyle Fighter)             Turns: 4434, Time: 00:02:01

Health: -1/48      AC: 19    Str: 23    XL:     8   Next: 3%
Magic:  6/8        EV:  6    Int:  8    God:    Okawaru [......]
Gold:   330        SH: 15    Dex:  9    Spells: 7/7 levels left

rFire   . . .        Y - +0 war axe
rCold   . . .        g - +0 tower shield
rNeg    + . .        b - +0 plate armour
rPois   inf          (no helmet)
rElec   +            (no cloak)
rCorr   .            (no gloves)
SInv    .            (no boots)
Will    .....        (no amulet) Stlth
                     (no ring)
HPRegen 0.28/turn    (no ring)
MPRegen 0.11/turn

%: no passive effects
@: heroic
A: sickness immunity, AC +5, negative energy resistance 1, electricity
resistance, torment resistance 1, petrification resistance
a: Renounce Religion


You were on level 5 of the Dungeon.
You worshipped Okawaru.
Okawaru was noncommittal.
You visited 1 branch of the dungeon, and saw 6 of its levels.

You collected 330 gold pieces.


Innate Abilities, Weirdness & Mutations

You are immune to sickness and miasma.
Your stone body is resilient. (AC +5)
You are immune to poison.
You resist negative energy. (rN+)
You are resistant to electric shocks. (rElec)
You are resistant to unholy torment.
You are immune to petrification.


   Skills:
 - Level 4.4(9.4) Fighting
 - Level 5.9(10.9) Axes
 - Level 1.1(6.1) Throwing
 - Level 3.2(8.2) Armour
 + Level 6.4(11.4) Shields
 - Level 1.2 Invocations


You had 7 spell levels left.
You didn't know any spells.
Your spell library was empty.

Inventory:

Hand Weapons
 f - a +0 flail
 Y - a +0 war axe (weapon)
Missiles
 c - 2 boomerangs (quivered)
Armour
 b - a +0 plate armour (worn)
 g - a +0 tower shield (worn)
Jewellery
 k - a ring of ice
Potions
 a - a potion of curing
 d - 2 potions of might
 e - a potion of resistance {unknown}
 h - 2 potions of brilliance {unknown}
 l - a potion of attraction {unknown}
 n - a potion of ambrosia {unknown}
 p - a potion of lignification {unknown}

Dungeon Overview and Level Annotations

Branches:
Dungeon (6/15)
 Temple: D:4-7

Altars:
Okawaru
Trog
Zin

Shops:
D:5 (

Annotations:
D:5 Pikel


Message History

You block Pikel's attack. The lemure hits you but does no damage.
The lemure barely misses you. The lemure closely misses you.
Pikel barely misses you. You block the lemure's attack.
You miss the lemure.
The lemure is heavily wounded.
You slash the lemure! You closely miss Pikel.
You feel like a meek peon again. You block the lemure's attack.
The lemure barely misses you.
Pikel hits you with a +2 whip of freezing!
Pikel freezes you.
4429 ||| INVOKING Heroism.
You gain the combat prowess of a mighty hero.
You can no longer gain great but temporary skills.
The lemure barely misses you. You block the lemure's attack.
You block Pikel's attack.
You barely miss the lemure.
The lemure is severely wounded.
You hit Pikel. You barely miss the lemure. You block the lemure's attack.
The lemure hits you. Pikel hits you but does no damage.
You closely miss the lemure.
The lemure is severely wounded.
You barely miss Pikel. You hit the lemure. You block the lemure's attack.
The lemure closely misses you. Pikel hits you but does no damage.
You hit the lemure.
The lemure is severely wounded.
You hit Pikel. You hit the lemure. You block Pikel's attack.
The lemure hits you. The lemure barely misses you.
You hit the lemure but do no damage.
The lemure is severely wounded.
You hit Pikel. You closely miss the lemure.
Pikel hits you with a +2 whip of freezing.
Pikel freezes you. The lemure barely misses you. You block the lemure's attack.
You barely miss the lemure.
The lemure is severely wounded.
You hit the lemure. You closely miss Pikel. Pikel hits you but does no damage.
You block the lemure's attack. x2
The lemure closely misses you. You block Pikel's attack. The lemure hits you.
You die...

#.### ##.# # #######
##..# .......
#####..#### ....$..
##.....###.. .......
#..###...#.. ......W
#.## #...##. ......5###
#.# #......
.....5K@.####.# #.<....
.....55#...#..# #......
.......##....#####....#.
....... #..### #...)....
##...## #...#####..>.##.
#... #.#.............
#.. .......###..#### #..
...........).# #
>.#####.###)..####


You could see Pikel, 4 lemures and a phantom.

Vanquished Creatures
  An orc warrior (D:6)
  A sky beast (D:6)
  An ogre (D:5)
  A bullfrog (D:6)
  A scorpion (D:5)
  A howler monkey (D:2)
  3 hounds
  An orc priest (D:6)
  A sleepcap (D:6)
  Ijyb (D:5)
  An iguana (D:5)
  2 orc wizards
  10 adders
  An ufetubus (D:5)
  2 worms
  2 dart slugs
  9 orcs
  5 endoplasms
  5 giant cockroaches
  8 goblins
  6 hobgoblins
  4 jackals (D:1)
  8 kobolds
  8 quokkas
  6 ball pythons
  3 bats
  4 frilled lizards
  2 rats (D:3)
98 creatures vanquished.

Notes
Turn   | Place    | Note
-------+----------+-------------------------------------------
     0 | D:1      | qw the Gargoyle Fighter began the quest for the Orb.
     0 | D:1      | Reached XP level 1. HP: 14/14 MP: 1/1
     0 | D:1      | 0 ||| qw: Version: 0.2-a-103-g5a998e5
     0 | D:1      | 0 ||| qw: Game counter: 998
     0 | D:1      | 0 ||| qw: Always use a shield: true
     0 | D:1      | 0 ||| qw: God list: Okawaru
     0 | D:1      | 0 ||| qw: Allow faded altars: false
     0 | D:1      | 0 ||| qw: Do Orc after D:15 true
     0 | D:1      | 0 ||| qw: Do second Lair branch before Depths: true
     0 | D:1      | 0 ||| qw: Lair rune preference: random
     0 | D:1      | 0 ||| qw: Plans: Normal, Zot:1-4, Slime:5, God:TSO, Crypt,
                  | Tomb, Pan, Hells, Abyss, Win
     0 | D:1      | 0 ||| PLANNING D:1-11
    74 | D:1      | 74 ||| Stepping ~*~*~tactically~*~*~ (hiding).
    87 | D:1      | 87 ||| Stepping ~*~*~tactically~*~*~ (stealth).
   100 | D:1      | Reached XP level 2. HP: 19/19 MP: 2/2
   422 | D:1      | Reached skill level 3 in Axes
   426 | D:1      | 426 ||| DROPPING +0 club.
   453 | D:1      | 453 ||| Stepping ~*~*~tactically~*~*~ (stealth).
   460 | D:1      | Reached XP level 3. HP: 22/23 MP: 3/3
   744 | D:1      | 744 ||| UPGRADING to +0 chain mail.
   754 | D:1      | 754 ||| DROPPING +0 scale mail.
   755 | D:1      | 755 ||| READING scroll labelled VYXKUWN IPIPPA.
   756 | D:1      | 756 ||| DRINKING 3 bubbling golden potions.
   757 | D:1      | 757 ||| DROPPING 2 potions of flight.
   947 | D:2      | 947 ||| UPGRADING to +0 plate armour.
   957 | D:2      | 957 ||| DROPPING +0 chain mail.
   958 | D:2      | 958 ||| READING scroll labelled VESTUQUSEBB.
  1078 | D:2      | 1078 ||| Stepping ~*~*~tactically~*~*~ (hiding).
  1088 | D:2      | 1088 ||| Stepping ~*~*~tactically~*~*~ (stealth).
  1091 | D:2      | 1091 ||| Stepping ~*~*~tactically~*~*~ (stealth).
  1097 | D:2      | 1097 ||| Stepping ~*~*~tactically~*~*~ (stealth).
  1105 | D:2      | 1105 ||| Stepping ~*~*~tactically~*~*~ (stealth).
  1115 | D:2      | 1115 ||| Stepping ~*~*~tactically~*~*~ (stealth).
  1117 | D:2      | 1117 ||| Stepping ~*~*~tactically~*~*~ (stealth).
  1129 | D:2      | 1129 ||| FLEEEEING.
  1167 | D:2      | 1167 ||| Stepping ~*~*~tactically~*~*~ (stealth).
  1275 | D:2      | 1275 ||| Stepping ~*~*~tactically~*~*~ (stealth).
  1281 | D:2      | Reached XP level 4. HP: 28/28 MP: 4/4
  1427 | D:2      | Reached XP level 5. HP: 32/32 MP: 5/5
  1473 | D:2      | 1473 ||| READING scroll labelled JYAJUINUTU.
  1474 | D:2      | 1474 ||| DRINKING 2 sedimented emerald potions.
  1997 | D:3      | 1997 ||| Stepping ~*~*~tactically~*~*~ (stealth).
  2002 | D:3      | 2002 ||| Stepping ~*~*~tactically~*~*~ (hiding).
  2003 | D:3      | 2003 ||| Stepping ~*~*~tactically~*~*~ (hiding).
  2083 | D:3      | 2083 ||| Stepping ~*~*~tactically~*~*~ (hiding).
  2196 | D:3      | 2196 ||| Stepping ~*~*~tactically~*~*~ (stealth).
  2422 | D:3      | 2422 ||| READING scroll labelled OPPOLU EVVU.
  2426 | D:3      | 2426 ||| READING scroll labelled LIASEI GUKE.
  2427 | D:3      | 2427 ||| READING scroll labelled GAZOTA WIMIOL.
  2528 | D:3      | 2528 ||| READING scroll labelled AGOUJIGGAD.
  2595 | D:4      | Reached skill level 1 in Throwing
  2987 | D:4      | You fall into a shaft and drop 2 floors!
  2994 | D:6      | Noticed a sky beast
  3022 | D:6      | Killed a sky beast
  3023 | D:6      | Reached XP level 6. HP: 36/39 MP: 6/6
  3042 | D:6      | 3042 ||| Stepping ~*~*~tactically~*~*~ (stealth).
  3044 | D:6      | Noticed an orc warrior
  3059 | D:6      | HP: 9/39 [orc warrior/+0 hand axe (10)]
  3060 | D:6      | 3060 ||| READING 2 scrolls of teleportation.
  3061 | D:6      | HP: 2/39 [orc warrior/+0 hand axe (7)]
  3063 | D:6      | Killed an orc warrior
  3210 | D:6      | Reached XP level 7. HP: 36/44 MP: 7/7
  3251 | D:6      | Found an iron altar of Okawaru.
  3252 | D:6      | 3252 ||| PLANNING OKAWARU WORSHIP
  3252 | D:6      | 3252 ||| UPGRADING to +0 tower shield.
  3262 | D:6      | 3262 ||| DROPPING +0 buckler.
  3263 | D:6      | 3263 ||| READING scroll labelled MUN TALUVVUTEH.
  3271 | D:6      | Became a worshipper of Warmaster Okawaru
  3271 | D:6      | 3271 ||| PLANNING D:1-11
  3308 | D:6      | Noticed a yak
  3309 | D:6      | 3309 ||| Stepping ~*~*~tactically~*~*~ (stealth).
  3322 | D:6      | Reached skill level 4 in Shields
  3355 | D:6      | Noticed a yak
  3355 | D:6      | Noticed a yak
  3356 | D:6      | 3356 ||| FLEEEEING.
  3361 | D:6      | 3361 ||| FLEEEEING.
  3362 | D:6      | 3362 ||| FLEEEEING.
  3363 | D:6      | 3363 ||| FLEEEEING.
  3364 | D:6      | 3364 ||| FLEEEEING.
  3365 | D:6      | 3365 ||| STAIRDANCE
  3366 | D:5      | Entered Level 5 of the Dungeon
  3377 | D:5      | HP: 10/44 [iguana (5)]
  3378 | D:5      | 3378 ||| READING scroll of teleportation.
  3621 | D:4      | 3621 ||| DRINKING 3 potions of curing.
  3621 | D:4      | 3621 ||| (to cure confusion)
  4093 | D:5      | Noticed Ijyb
  4105 | D:5      | Reached skill level 5 in Shields
  4106 | D:5      | Killed Ijyb
  4121 | D:5      | Found Qavvigam's Hydra Hut.
  4122 | D:5      | 4122 ||| Stepping ~*~*~tactically~*~*~ (stealth).
  4132 | D:5      | Noticed a six-headed hydra
  4146 | D:5      | 4146 ||| DRINKING 2 potions of curing.
  4146 | D:5      | 4146 ||| (to cure confusion)
  4154 | D:5      | Reached skill level 6 in Shields
  4165 | D:5      | 4165 ||| Stepping ~*~*~tactically~*~*~ (stealth).
  4177 | D:5      | Reached * piety under Okawaru
  4304 | D:5      | Found a glowing silver altar of Zin.
  4315 | D:5      | Reached skill level 1 in Invocations
  4315 | D:5      | Reached XP level 8. HP: 48/48 MP: 8/8
  4326 | D:5      | 4326 ||| DROPPING +0 whip.
  4343 | D:5      | Found a bloodstained altar of Trog.
  4414 | D:5      | 4414 ||| Stepping ~*~*~tactically~*~*~ (stealth).
  4416 | D:5      | Noticed Pikel
  4417 | D:5      | 4417 ||| INVOKING Heroism.
  4429 | D:5      | 4429 ||| INVOKING Heroism.
  4430 | D:5      | HP: 11/48 [lemure[Pikel] (2)]
  4433 | D:5      | HP: 5/48 [Pikel/+2 whip of freezing (2)]
  4434 | D:5      | Slain by a lemure

Levels and vault maps discovered:
D:1:      psy_arrival_heroes, layout_loops_ring
D:2:      layout_basic, grunt_ministairs_2, minmay_misc_feat_room
D:3:      layout_loops_corners, nicolae_hexahallways
D:4:      layout_layer_cave
D:5:      layout_rooms, nzn_wu_jian_contemplation, lemuel_doored_altar,
          zin_academy, minmay_temple_entry_tees, doesnt_shop_hydraphobe,
          uniq_pikel, uniq_ijyb, uniq_eustachio
D:6:      layout_loops_ring, mainiacjoe_overflow_surrounded_room,
          nicolae_ashenzari_panopticon, ebering_ghost_reflecting_pool

Skill      XL: |  1  2  3  4  5  6  7 |
---------------+----------------------+-----
Axes           | 2 3 4 5 |  5.9
Throwing       | 1 |  1.1
Fighting       | 4 |  4.4
Shields        | 6 |  6.4
Invocations    | 1 |  1.2
Armour         | |  3.2

Action                     |  1- 3 |  4- 6 |  7- 9 || total
---------------------------+-------+-------+-------++-------
  Melee: War axe           |    92 |   114 |   119 ||   325
  Throw: Javelin           |       |    17 |     1 ||    18
         Boomerang         |       |       |    13 ||    13
 Invoke: Heroism           |       |       |     2 ||     2
    Use: Scroll            |     2 |     6 |     2 ||    10
         Potion            |     1 |     1 |     2 ||     4
 Armour: Scale mail        |    22 |       |       ||    22
         Plate armour      |     9 |    76 |   170 ||   255
         Chain mail        |     3 |       |       ||     3
  Dodge: Dodged            |    32 |    28 |    36 ||    96
  Block: Buckler           |    17 |    23 |       ||    40
         Tower shield      |       |       |   141 ||   141

Table legend:
 A = Non-vault XP
 B = Vault XP
 C = Vault XP percentage of total XP
 D = Non-vault monster count
 E = Vault monster count
 F = Vault count percentage of total count
                 A         B        C        D         E       F
            +---------+---------+-------+---------+---------+-------
      Total |    1198 |      39 |   3.2 |      95 |       3 |   3.1
            +---------+---------+-------+---------+---------+-------
        D:1 |      43 |       0 |   0.0 |      25 |       0 |   0.0
        D:2 |     121 |       3 |   2.4 |      21 |       2 |   8.7
        D:3 |      83 |       0 |   0.0 |      19 |       0 |   0.0
        D:4 |      66 |       0 |   0.0 |       8 |       0 |   0.0
        D:5 |     385 |      36 |   8.6 |      12 |       1 |   7.7
        D:6 |     500 |       0 |   0.0 |      10 |       0 |   0.0
            +---------+---------+-------+---------+---------+-------
